 Dungeon Crawl Stone Soup version 0.17-a0-1946-gfb768fe (webtiles) character file.

65 HungrySpirit the Charmwright (level 3, -1/27 HPs)
             Began as a Vampire Skald on Oct 1, 2015.
             Slain by a gnoll
             ... wielding a +0 spear
              (8 damage)
             ... on level 2 of the Dungeon.
             The game lasted 00:03:07 (1737 turns).

HungrySpirit the Charmwright (Vampire Skald)        Turns: 1737, Time: 00:03:07

Health: -1/27      AC:  5    Str: 11    XL:     3   Next: 94%
Magic:  6/6        EV: 12    Int: 14    God:
Gold:   98         SH:  0    Dex: 14    Spells: 2 memorised, 4 levels left

rFire  . . .     SeeInvis +     a - +0 short sword
rCold  . . .     Clarity  .     q - +0 leather armour (curse)
rNeg   . . .     SustAt   .     (no shield)
rPois  .         Gourm    .     n - +0 helmet
rElec  .         Spirit   .     (no cloak)
rCorr  .         Warding  .     s - +0 pair of gloves (curse)
rMut   .         Stasis   .     (no boots)
MR     .....                    (no amulet)
Stlth  +.........               (no ring)
                                (no ring)

@: regenerating quickly, not resistant to hostile enchantments, very unstealthy
A: fangs 3, see invisible, unbreathing
a: no special abilities


You were on level 2 of the Dungeon.
You were very full.

You visited 1 branch of the dungeon, and saw 3 of its levels.

You collected 98 gold pieces.

Inventory:

Hand weapons
 a - a +0 short sword (weapon)
Armour
 n - a +0 helmet (worn)
 q - a cursed +0 leather armour (worn)
 s - a cursed +0 pair of gloves (worn)
Jewellery
 j - an uncursed ring of ice
Scrolls
 f - 2 scrolls of noise {unknown}
 i - a scroll of magic mapping {unknown}
 k - 2 scrolls of fear {unknown}
 l - 3 scrolls of remove curse {unknown}
 m - a scroll of blinking {unknown}
 p - a scroll of enchant weapon {unknown}
 r - 2 scrolls of identify {unknown}
Potions
 b - a potion of curing {unknown}
 d - a potion of blood
 e - a potion of agility {unknown}
 g - a potion of flight {unknown}
 h - a potion of invisibility {unknown}
 o - a potion of mutation {unknown}
Books
 c - a book of Battle

   Spells                             Type                      Level
   a - Infusion                       Charms                       1
   b - Shroud of Golubria             Charms/Translocation         2
   c - Song of Slaying                Charms                       2
   d - Spectral Weapon                Hexes/Charms                 3
   e - Regeneration                   Charms/Necromancy            3


   Skills:
 - Level 1.7 Fighting
 * Level 3.2 Short Blades
 - Level 0.7 Armour
 + Level 2.0 Dodging
 + Level 2.5 Spellcasting
 + Level 3.8 Charms


You had 4 spell levels left.
You knew the following spells:

 Your Spells              Type           Power        Failure   Level  Hunger
a - Infusion              Chrm           ##....       8%          1    #......
b - Shroud of Golubria    Chrm/Tloc      #.........   21%         2    ###....


Dungeon Overview and Level Annotations

Branches:
Dungeon (3/15)

Altars:
Ashenzari


Innate Abilities, Weirdness & Mutations

Your natural rate of healing is unusually fast.
You have razor-sharp teeth.
You have supernaturally acute eyesight.
You can survive without breathing.


Message History

You hit the gnoll but do no damage.
The gnoll is moderately wounded.
You hit the gnoll.
The gnoll is moderately wounded.
The gnoll hits you with a spear!
* * * LOW HITPOINT WARNING * * *
You are too injured to fight recklessly!
You are too injured to fight recklessly!
You are too injured to fight recklessly!
You hit the gnoll. You bite the gnoll.
The gnoll is severely wounded.
The gnoll hits you with a spear.
* * * LOW HITPOINT WARNING * * *
You hit the gnoll but do no damage.
The gnoll is severely wounded.
The gnoll hits you but does no damage.
You hit the gnoll.
The gnoll is almost dead.
The gnoll hits you with a spear!
You die...

##..###.###.###..##
#....#...#...#....#
#..#...#...#...#..#
#.###.###.###.###.#
#..#...#...#...#..#
#.#..#...#...#....##
#.#.###.###.###.....
#....#...#...#......
#.#@#..#...#...#####
######.#g#.###.###..# #
#.)......##.#...#.#.# #
#.####.#####..#.....#####
#.###...## #.....(....%..
#.##.###.# #.#.###.......
#.##.# #.# #.#.# ##.#####
#.##.###.###.#.# #.# #
##)###..........####.#####


You could see a gnoll.

Vanquished Creatures
  3 adders
  A worm (D:2)
  6 giant cockroaches
  6 goblins
  5 hobgoblins
  2 bats
  5 giant newts
  5 kobolds
  A quokka (D:2)
  3 rats
37 creatures vanquished.

Notes
Turn   | Place    | Note
--------------------------------------------------------------
     0 | D:1      | HungrySpirit the Vampire Skald began the quest for the Orb.
     0 | D:1      | Reached XP level 1. HP: 16/16 MP: 3/3
   244 | D:1      | Reached XP level 2. HP: 22/22 MP: 5/5
   342 | D:1      | Found a shattered altar of Ashenzari.
   937 | D:2      | Reached XP level 3. HP: 27/27 MP: 6/6
  1705 | D:3      | Learned a level 2 spell: Shroud of Golubria
  1737 | D:2      | Slain by a gnoll

Vault maps used:
D:1:      dpeg_arrival_concentric_ovals, ashenzari_altar_1
D:2:      minmay_door_path, first_bread, moated_statue,
          minmay_misc_feat_pillars, kennysheep_doodads
D:3:      corexii_shack_village

Action                   || total
-------------------------++-------
Melee: Short sword       ||   140
 Stab: Sleeping          ||     2
  Eat: Corpse            ||    16
